 Dungeon Crawl Stone Soup version 0.31-a0-977-gc230f8ef24 (webtiles) character file.

Game seed: 10941111069789194462

95 Shayle the Trooper (level 4, -1/27 HPs)
             Began as a Tengu Hexslinger on Oct 30, 2023.
             Slain by Pargi (4 damage)
             ... in a sewer.
             The game lasted 00:04:47 (2183 turns).

Shayle the Trooper (Tengu Hexslinger)               Turns: 2183, Time: 00:04:48

Health: -1/27      AC:  2    Str:  9    XL:     4   Next: 65%
Magic:  2/5        EV:  9    Int: 15    God:
Gold:   104        SH:  0    Dex: 16    Spells: 3/5 levels left

rFire   . . .        a - +1 sling
rCold   . . .        (no shield)
rNeg    . . .        c - +0 robe
rPois   .            (helmet restricted)
rElec   .            (no cloak)
rCorr   .            (no gloves)
SInv    .            (boots unavailable)
Will    +....        (no amulet)
Stlth   +            (no ring)
HPRegen 0.24/turn    (no ring)
MPRegen 0.09/turn

%: acrobat
@: weak-willed, enlightened, flying, constricted
A: beak, talons 3, acrobatic, low MP 1, strong-willed 1
a: no special abilities


You were in a sewer.
You visited 1 branch of the dungeon, and saw 3 of its levels.
You also visited: Sewer.

You collected 104 gold pieces.

Inventory:

Hand Weapons
 a - a +1 sling (weapon)
Armour
 c - a +0 robe (worn)
Wands
 g - a wand of polymorph (2)
Scrolls
 b - a scroll of poison
 d - a scroll of vulnerability {unknown}
 f - a scroll of teleportation {unknown}
 i - 2 scrolls of torment
Potions
 h - a potion of enlightenment
 j - a potion of magic {unknown}


   Skills:
 + Level 2.5 Fighting
 - Level 2.1 Ranged Weapons
 + Level 2.4 Armour
 - Level 2.1 Dodging
 + Level 2.3 Unarmed Combat
 - Level 1.0 Spellcasting
 - Level 2.1 Hexes
 - Level 1.1 Fire Magic


You had 3 spell levels left.
You knew the following spells:

 Your Spells              Type           Power      Damage    Failure   Level
a - Jinxbite              Hex            14%        N/A       16%         2

Your spell library contained the following spells:

 Spells                   Type           Power      Damage    Failure   Level
 Apportation              Tloc           0%         N/A       24%         1
 Sigil of Binding         Hex            7%         N/A       30%         3
 Inner Flame              Hex/Fire       5%         N/A       36%         3
 Dazzling Flash           Conj/Hex       8%         N/A       43%         3
 Volatile Blastmotes      Fire/Tloc      4%         2d10      52%         3
 Gell's Gravitas          Tloc           0%         N/A       58%         3
 Teleport Other           Tloc           0%         N/A       58%         3
 Cause Fear               Hex            3%         N/A       69%         4
 Dimensional Bullseye     Hex/Tloc       2%         N/A       83%         4
 Alistair's Intoxication  Tmut/Pois      0%         N/A       100%        5
 Dispersal                Tloc           0%         N/A       100%        6
 Starburst                Conj/Fire      1%         6d3       100%        6
 Maxwell's Capacitive Co  Air            0%         ∞         100%        8


Dungeon Overview and Level Annotations

Branches:
Dungeon (3/15)              Sewer (1/1)

Altars:

Annotations:
Sewer Pargi


Innate Abilities, Weirdness & Mutations

You have a beak for a mouth.
You have claws for feet.
You can magically evade attacks while moving or waiting.
Your magical capacity is low. (-10% MP)
You are strong-willed. (Will+)


Message History

Your magical contamination has completely faded away.
You feel better. Pargi bites you. Pargi claws you. Pargi completely misses you.
The ball python barely misses you. The ball python constricts you.
You shoot a sling bullet. The sling bullet barely misses Pargi.
A giggling sprite leaps out and insults Pargi's ancestors.
Pargi is moderately wounded.
The jinxing sprites lose interest in you.
Pargi bites you. Pargi closely misses you. Pargi claws you.
The ball python bites you. The ball python constricts you.
Casting: Jinxbite (safe; 16% risk of failure)
Confirm with . or Enter, or press ? or * to list all spells.
You don't have enough magic to cast this spell.
You shoot a sling bullet. The sling bullet hits Pargi.
Pargi is heavily wounded.
The ball python barely misses you. The ball python constricts you.
Pargi barely misses you. Pargi closely misses you. Pargi claws you.
* * * LOW HITPOINT WARNING * * *
The ball python bites you.
* * * LOW HITPOINT WARNING * * *
The ball python constricts you. Pargi bites you.
* * * LOW HITPOINT WARNING * * *
Pargi claws you.
* * * LOW HITPOINT WARNING * * *
Pargi claws you.
* * * LOW HITPOINT WARNING * * *
You feel better.
The ball python bites you but does no damage.
The ball python constricts you.
* * * LOW HITPOINT WARNING * * *
Pargi barely misses you. Pargi claws you.
* * * LOW HITPOINT WARNING * * *
Pargi claws you but does no damage.
It was a potion of enlightenment.
You feel very buoyant.
You fly up into the air.
Pargi seems less drained.
The ball python bites you.
* * * LOW HITPOINT WARNING * * *
The ball python constricts you.
* * * LOW HITPOINT WARNING * * *
Pargi barely misses you. Pargi closely misses you. Pargi claws you.
You die...

≈≈≈≈≈≈≈≈≈≈≈≈≈≈≈≈≈
≈≈≈≈≈≈≈≈≈≈≈≈≈≈≈≈≈≈≈
≈≈≈≈≈≈≈≈≈≈≈≈≈≈≈≈≈≈≈#
≈≈≈≈≈≈≈≈≈≈≈≈≈≈≈≈≈≈≈##
≈≈≈≈T.~~≈≈≈≈≈≈≈≈≈≈≈≈##
≈≈≈.#..#~≈≈≈≈≈≈≈≈≈≈≈≈#
≈ ####.~≈≈≈≈≈≈≈≈≈≈≈#
##TS≈≈≈≈≈≈≈≈≈≈##
##@~≈≈≈≈≈≈≈≈≈≈#
###~.≈≈≈≈≈≈≈≈≈
#~.≈≈≈≈≈≈≈≈#
#.#.≈≈≈≈≈≈≈#
####~≈≈≈≈≈≈#
##.~≈≈≈≈≈≈≈#
#.∩≈≈≈≈≈≈≈≈≈
##∩≈≈≈≈≈≈≈≈≈
#.~≈≈≈≈≈≈≈#


You could see Pargi and a ball python.

Vanquished Creatures
  A gnoll (D:1)
  4 adders
  3 dart slugs
  3 ball pythons
  3 endoplasms (D:2)
  7 giant cockroaches
  2 goblins
  3 hobgoblins
  3 kobolds
  A quokka (D:3)
  6 bats
  3 frilled lizards
  5 rats (D:1)
44 creatures vanquished.

Notes
Turn   | Place    | Note
-------+----------+-------------------------------------------
     0 | D:1      | Shayle the Tengu Hexslinger began the quest for the Orb.
     0 | D:1      | Reached XP level 1. HP: 12/12 MP: 3/3
   169 | D:1      | Reached skill level 1 in Unarmed Combat
   169 | D:1      | Reached XP level 2. HP: 16/16 MP: 4/4
   172 | D:1      | Learned a level 2 spell: Jinxbite
   294 | D:1      | Reached skill level 1 in Armour
   585 | D:1      | Reached XP level 3. HP: 14/21 MP: 0/5
  1252 | D:2      | Gained mutation: You are strong-willed. (Will+) [potion of
                  | mutation]
  1252 | D:2      | Gained mutation: Your magical capacity is low. (-10% MP)
                  | [potion of mutation]
  1579 | D:2      | Reached XP level 4. HP: 26/26 MP: 5/5
  2105 | D:3      | Found a glowing drain.
  2129 | Sewer    | Entered a sewer
  2167 | Sewer    | Noticed Pargi
  2181 | Sewer    | HP: 1/27 [Pargi (1)]
  2183 | Sewer    | Slain by Pargi

Illustrated notes

Levels and vault maps discovered:
D:1:      dpeg_arrival_prison, layout_basic, serial_forest,
          infiniplex_forest_clump_diagonal, infiniplex_forest_end_3,
          infiniplex_forest_lined_room_2, infiniplex_forest_end_1,
          infiniplex_forest_clump_curved, infiniplex_forest_clump_C,
          infiniplex_forest_straight_1, kennysheep_another_room,
          minmay_pentomino_s2
D:2:      layout_basic, hangedman_decor_push, chequers_jeans, kennysheep_nub,
          kennysheep_generic_room_2
D:3:      minmay_diamond_boxcup, layout_rooms, mainiacjoe_overflow_chevrons,
          hellmonk_ecumenical_altar_lost_god, portal_sewer_entry_f,
          uniq_grinder, uniq_sigmund
Sewer:    sewer_co_pargi_island

Skill      XL: |  1  2  3 |
---------------+----------+-----
Unarmed Combat | 1 2 |  2.3
Armour         | 1 2 |  2.4
Fighting       | 2 |  2.5
Ranged Weapons | |  2.1
Dodging        | |  2.1
Spellcasting   | |  1.0
Hexes          | |  2.1
Fire Magic     | |  1.1

Action                     |  1- 3 |  4- 6 || total
---------------------------+-------+-------++-------
   Fire: Sling             |   107 |    44 ||   151
   Cast: Jinxbite          |     2 |     4 ||     6
    Use: Potion            |     1 |     5 ||     6
         Scroll            |       |     2 ||     2
 Armour: Robe              |    22 |    42 ||    64
  Dodge: Dodged            |    44 |    41 ||    85

Table legend: (Time is in decaauts)
 A = Elapsed time spent in this place.
 B = Non-inter-level travel time spent in this place.
 C = Inter-level travel time spent in this place.
 D = Time resting spent in this place.
 E = Time spent auto-exploring this place.
 F = Levels seen in this place.
 G = Mean time per level.
                   A        B        C        D        E       F      G
               +--------+--------+--------+--------+--------+-----+--------+
         Total |   2238 |   2163 |     75 |     98 |   1687 |   4 |  559.5 |
       Dungeon |   2174 |   2099 |     75 |     98 |   1658 |   3 |  724.7 |
         Sewer |     64 |     64 |      0 |      0 |     29 |   1 |   64.0 |
               +--------+--------+--------+--------+--------+-----+--------+

Top non-repeatable levels by time:
     D:1: 1227 daAuts
     D:2: 906 daAuts
   Sewer: 64 daAuts
     D:3: 40 daAuts
